 Dungeon Crawl Stone Soup version 0.22-a0-866-geee50340df (webtiles) character file.

30 Htamos the Skirmisher (level 3, 0/40 HPs)
             Began as an Ogre Berserker on July 28, 2018.
             Was a Believer of Trog.
             Slain by a goblin
             ... wielding a +0 dagger
             ... led by Robin
              (2 damage)
             ... on level 1 of the Dungeon.
             The game lasted 00:02:30 (1479 turns).

Htamos the Skirmisher (Ogre Berserker)              Turns: 1479, Time: 00:02:31

Health: 0/40       AC:  3    Str: 21    XL:     3   Next: 20%
Magic:  3/3        EV: 10    Int:  8    God:    Trog [**....]
Gold:   80         SH:  0    Dex:  9    Spells: 2/2 levels left

rFire    . . .     SeeInvis .   a - +0 mace
rCold    . . .     Gourm    .   (no shield)
rNeg     . . .     Faith    .   m - +0 robe
rPois    .         Spirit   .   (helmet restricted)
rElec    .         Reflect  .   (no cloak)
rCorr    .         Harm     .   (gloves unavailable)
MR       .....                  (boots unavailable)
Stlth    +.........             (no amulet)
HPRegen  0.13/turn              (no ring)
MPRegen  0.08/turn              (no ring)

@: no status effects
A: large, unfitting armour, tough skin 1
a: Berserk, Trog's Hand, Renounce Religion


You were on level 1 of the Dungeon.
You worshipped Trog.
Trog was pleased with you.
You were not hungry.

You visited 1 branch of the dungeon, and saw 2 of its levels.

You collected 80 gold pieces.

Inventory:

Hand Weapons
 a - a +0 mace (weapon)
Missiles
 d - 24 stones
 e - 2 throwing nets (quivered)
Armour
 m - a +0 robe (worn)
Jewellery
 k - a +5 ring of protection {unknown}
 l - an uncursed ring of flight {unknown}
Scrolls
 g - a scroll of remove curse {unknown}
 h - a scroll of enchant weapon {unknown}
 i - 2 scrolls of identify {unknown}
Potions
 f - 3 potions of heal wounds {unknown}
 j - 2 potions of flight {unknown}
Comestibles
 c - a ration


   Skills:
 + Level 4.5 Fighting
 * Level 3.5 Maces & Flails
 - Level 2.6 Dodging


You had 2 spell levels left.
You didn't know any spells.
Your spell library was empty.

Dungeon Overview and Level Annotations

Branches:
Dungeon (2/15)

Altars:


Innate Abilities, Weirdness & Mutations

You are too large for most types of armour.
You have tough skin. (AC +1)


Message History

The orc priest is heavily wounded.
The goblin hits you with a dagger. The orc priest hits you with a war axe.
* * * LOW HITPOINT WARNING * * *
You hit the orc priest.
The orc priest is almost dead.
The goblin hits you but does no damage.
The orc priest invokes the aid of Beogh against you.
Beogh smites you!
* * * LOW HITPOINT WARNING * * *
The goblin hits you with a dagger.
* * * LOW HITPOINT WARNING * * *
You barely miss the orc priest.
The orc priest is almost dead.
The orc priest barely misses you. The goblin hits you with a dagger.
* * * LOW HITPOINT WARNING * * *
Unknown command.
You completely miss the orc priest.
The orc priest is severely wounded.
The orc priest closely misses you. The goblin hits you with a dagger.
You die...

#.#.....##.####
#.##.#........#
#.##.##.##.##.##
#.##.##.##.#...#
#.##.#.....#...######
#.##...#####........#
#.####.##.....#####.#
##......##.#...g%###.#
...............o@..#.#
##########.#.[...#.#.#
#>#.#####.#.#
#....#......#
#####..#.##...#
#......#......# ##
#.####.#...#..# .# #.#
#.#...#### .#
#.####.#....#


You could see an orc priest and a goblin.

Vanquished Creatures
  A leopard gecko (D:2)
  An orc (D:1)
  2 bats
  2 giant cockroaches (D:1)
  4 goblins (D:1)
  5 hobgoblins
  2 frilled lizards (D:1)
  2 kobolds
  7 rats
26 creatures vanquished.

Notes
Turn   | Place    | Note
-------+----------+-------------------------------------------
     0 | D:1      | Htamos the Ogre Berserker began the quest for the Orb.
     0 | D:1      | Reached XP level 1. HP: 24/24 MP: 1/1
   124 | D:1      | Reached XP level 2. HP: 31/32 MP: 2/2
  1056 | D:2      | Reached XP level 3. HP: 39/40 MP: 3/3
  1136 | D:2      | Reached ** piety under Trog
  1478 | D:1      | HP: 1/40 [goblin/dagger[Robin] (2)]
  1479 | D:1      | Slain by a goblin

Vault maps used:
D:1:      elethiomel_arrival_shortcut, kennysheep_boxes
D:2:      wad_woods_pond, first_ration, fedhas_altar_1, uniq_robin

Skill      XL: |  1 |
---------------+----+-----
Maces & Flails | 3 |  3.5
Fighting       | |  4.5
Dodging        | |  2.6

Action                   || total
-------------------------++-------
Melee: Mace              ||    90
  Eat: Chunk             ||     2
Armor: Animal skin       ||    22
       Robe              ||     3
Dodge: Dodged            ||    58

Table legend:
 A = Spawn XP
 B = Non-spawn XP
 C = Spawn XP percentage of total XP
 D = Spawn monster count
 E = Non-spawn monster count
 F = Spawn count percentage of total count
 G = Total turns spent on level
                    A         B        C        D         E        F      G
               +---------+---------+-------+---------+---------+-------+---------
         Total |       0 |      44 |   0.0 |       0 |      26 |   0.0 |  1479
               +---------+---------+-------+---------+---------+-------+---------
           D:1 |       0 |      31 |   0.0 |       0 |      19 |   0.0 |  1318
           D:2 |       0 |      13 |   0.0 |       0 |       7 |   0.0 |   161
               +---------+---------+-------+---------+---------+-------+---------
